 Dungeon Crawl Stone Soup version 0.29-a0-23-ga79f92ac9c (webtiles) character file.

Game seed: 10235127497556368153

195 arthad the Thrower (level 5, 0/47 HPs)
             Began as a Gnoll Wanderer on Jan 31, 2022.
             Was an Initiate of Okawaru.
             Slain by a black bear (2 damage)
             ... on level 4 of the Dungeon.
             The game lasted 00:07:56 (3540 turns).

arthad the Thrower (Gnoll Wanderer)                 Turns: 3540, Time: 00:07:58

Health: 0/47       AC:  5    Str: 13    XL:     5   Next: 74%
Magic:  5/7        EV: 13    Int: 13    God:    Okawaru [......]
Gold:   58         SH:  0    Dex: 10    Spells: 7/7 levels left

rFire   . . .      SeeInvis .   o - +1 dagger (venom)
rCold   . . .      Faith    .   (no shield)
rNeg    . . .      Spirit   .   p - +1 leather armour {Will+}
rPois   .          Reflect  .   (no helmet)
rElec   .          Harm     .   (no cloak)
rCorr   .          Rampage  .   (no gloves)
Will    +....                   (no boots)
Stlth   +++.......              (no amulet)
HPRegen 0.15/turn               (no ring)
MPRegen 0.10/turn               (no ring)

@: mighty, heroic
A: fangs 1, strong nose, distributed training
a: Renounce Religion


You were on level 4 of the Dungeon.
You worshipped Okawaru.
Okawaru was noncommittal.
You visited 1 branch of the dungeon, and saw 4 of its levels.

You collected 78 gold pieces.
You spent 20 gold pieces at shops.

Inventory:

Hand Weapons
 a - a +3 dagger
 c - a +0 mace
 j - a +0 dagger of speed
 o - a +1 dagger of venom (weapon)
Missiles
 b - 6 curare-tipped darts (quivered)
Armour
 d - a +0 robe
 p - a +1 leather armour of willpower (worn)
Magical Staves
 e - a staff of cold
Scrolls
 f - 7 scrolls of identify
 g - a scroll of teleportation {unknown}
 h - 2 scrolls of vulnerability {unknown}
 i - a scroll of immolation {unknown}
 k - a scroll of magic mapping {unknown}
 l - a scroll of holy word {unknown}
 n - a scroll of blinking {unknown}
 q - a scroll of amnesia {unknown}
 r - a scroll of enchant armour {unknown}


   Skills:
 + Level 6.7(11.7) Fighting
 + Level 1.6(6.6) Short Blades
 + Level 1.6(6.6) Long Blades
 + Level 1.6(6.6) Axes
 + Level 3.0(8.0) Maces & Flails
 + Level 1.6(6.6) Polearms
 + Level 1.6(6.6) Staves
 + Level 1.6(6.6) Slings
 + Level 1.6(6.6) Bows
 + Level 1.6(6.6) Crossbows
 + Level 8.7(13.7) Throwing
 + Level 4.8(9.8) Armour
 + Level 1.6(6.6) Dodging
 + Level 1.6(6.6) Stealth
 + Level 1.6(6.6) Shields
 + Level 1.6(6.6) Unarmed Combat
 + Level 1.6 Spellcasting
 + Level 1.3 Conjurations
 + Level 1.3 Hexes
 + Level 1.3 Summonings
 + Level 1.3 Necromancy
 + Level 1.3 Translocations
 + Level 1.3 Transmutations
 + Level 1.3 Fire Magic
 + Level 1.3 Ice Magic
 + Level 1.3 Air Magic
 + Level 1.3 Earth Magic
 + Level 1.3 Poison Magic
 + Level 1.8 Invocations
 + Level 1.6 Evocations


You had 7 spell levels left.
You didn't know any spells.
Your spell library contained the following spells:

 Spells                   Type           Power      Damage    Failure   Level
 Static Discharge         Conj/Air       4%         N/A       28%         2
 Lightning Bolt           Conj/Air       2%         1d13      99%         5
 Dispersal                Tloc           2%         N/A       100%        6
 Disjunction              Tloc           2%         N/A       100%        8
 Maxwell's Capacitive Co  Air            2%         ∞         100%        8


Dungeon Overview and Level Annotations

Branches:
Dungeon (4/15)
 Temple: D:4-7

Altars:
Makhleb
Okawaru
Zin

Shops:
D:1 *   D:2 *


Innate Abilities, Weirdness & Mutations

You have very sharp teeth.
Your uncanny sense of smell can sniff out nearby items.
Your experience applies equally to all skills.


Message History

You destroy the adder skeleton!
Okawaru accepts your kill. The iguana misses you. The orc closely misses you.
You hit the black bear.
The black bear is lightly wounded.
The black bear bites you but does no damage.
The black bear claws you but does no damage.
The black bear closely misses you. The iguana bites you!
The orc closely misses you.
You are too injured to fight recklessly!
You are too injured to fight recklessly!
You are too injured to fight recklessly!
You hit the black bear.
The black bear is poisoned.
Your bite misses the black bear.
The black bear is moderately wounded.
The black bear bites you! The black bear closely misses you.
The black bear completely misses you.
You closely miss the black bear.
The black bear is moderately wounded.
The iguana bites you.
* * * LOW HITPOINT WARNING * * *
The orc closely misses you.
You closely miss the black bear. You punch the black bear!
The black bear is heavily wounded.
The black bear misses you. x2
The black bear claws you but does no damage.
The iguana misses you.
You barely miss the black bear.
The black bear is heavily wounded.
The orc hits you but does no damage.
The black bear bites you but does no damage.
The black bear claws you.
* * * LOW HITPOINT WARNING * * *
The black bear claws you but does no damage.
It was a potion of might.
You feel very mighty all of a sudden. The iguana bites you!
* * * LOW HITPOINT WARNING * * *
The orc hits you but does no damage. The black bear bites you.
You die...

... #..........
....#..........
....#..........
...............
............$
#...........
#..oh.......
######...@l......
..............>#####
........####.......
...###..####.....####
#............#.<#
#............##.#
#........#.#....#
+........#.######
####.###.#....#


You could see a black bear (very poisoned), an iguana and an orc.

Vanquished Creatures
  A sky beast (D:4)
  2 adders (D:3)
  An adder skeleton (D:4)
  2 worms
  8 orcs
  8 ball pythons
  3 endoplasms
  3 giant cockroaches
  7 goblins
  7 hobgoblins
  2 quokkas (D:2)
  7 bats
  3 frilled lizards
  6 kobolds
  9 rats
69 creatures vanquished.

Notes
Turn   | Place    | Note
-------+----------+-------------------------------------------
     0 | D:1      | arthad the Gnoll Wanderer began the quest for the Orb.
     0 | D:1      | arthad set off with the following items: a +3 dagger, a
                  | curare-tipped dart, a +0 mace, a +0 robe
     0 | D:1      | Reached XP level 1. HP: 23/23 MP: 1/1
   199 | D:1      | Reached XP level 2. HP: 22/29 MP: 2/2
   825 | D:1      | Found Comm's General Store.
   834 | D:1      | Bought a scroll of identify for 20 gold pieces
  1180 | D:2      | Reached XP level 3. HP: 35/35 MP: 3/3
  1396 | D:2      | Found Umeom's Assorted Antiques.
  1859 | D:2      | Reached skill level 1 in Invocations
  2047 | D:2      | Reached skill level 1 in Short Blades
  2047 | D:2      | Reached skill level 1 in Long Blades
  2047 | D:2      | Reached skill level 1 in Axes
  2047 | D:2      | Reached skill level 1 in Polearms
  2047 | D:2      | Reached skill level 1 in Staves
  2047 | D:2      | Reached skill level 1 in Slings
  2047 | D:2      | Reached skill level 1 in Bows
  2047 | D:2      | Reached skill level 1 in Crossbows
  2047 | D:2      | Reached skill level 1 in Dodging
  2047 | D:2      | Reached skill level 1 in Stealth
  2047 | D:2      | Reached skill level 1 in Shields
  2047 | D:2      | Reached skill level 1 in Unarmed Combat
  2047 | D:2      | Reached skill level 1 in Spellcasting
  2047 | D:2      | Reached skill level 1 in Evocations
  2338 | D:2      | Reached XP level 4. HP: 25/41 MP: 5/5
  2652 | D:3      | Found a glowing silver altar of Zin.
  2652 | D:3      | Found an iron altar of Okawaru.
  2664 | D:3      | Found a burning altar of Makhleb.
  2680 | D:3      | Became a worshipper of Warmaster Okawaru
  2823 | D:3      | Found a faded altar of an unknown god.
  2838 | D:3      | Reached skill level 1 in Conjurations
  2838 | D:3      | Reached skill level 1 in Hexes
  2838 | D:3      | Reached skill level 1 in Summonings
  2838 | D:3      | Reached skill level 1 in Necromancy
  2838 | D:3      | Reached skill level 1 in Translocations
  2838 | D:3      | Reached skill level 1 in Transmutations
  2838 | D:3      | Reached skill level 1 in Fire Magic
  2838 | D:3      | Reached skill level 1 in Ice Magic
  2838 | D:3      | Reached skill level 1 in Air Magic
  2838 | D:3      | Reached skill level 1 in Earth Magic
  2838 | D:3      | Reached skill level 1 in Poison Magic
  3362 | D:4      | Noticed a sky beast
  3377 | D:4      | Killed a sky beast
  3377 | D:4      | Reached * piety under Okawaru
  3378 | D:4      | Reached XP level 5. HP: 25/47 MP: 5/7
  3526 | D:4      | Noticed a black bear
  3540 | D:4      | HP: 2/47 [iguana (7)]
  3540 | D:4      | Slain by a black bear

Illustrated notes

Levels and vault maps discovered:
D:1:      dpeg_arrival_stone_temple_mockup, layout_loops_ring, serial_shops,
          nicolae_lakefront_shop
D:2:      layout_basic, serial_shops, nicolae_shop_statue_plus, minmay_cut_off
D:3:      layout_rooms, gammafunk_temple_overflow_forgotten,
          ebering_ecumenical_altar_mist, lemuel_old_faithful
D:4:      layout_basic, hangedman_decor_opposing

Skill      XL: |  1  2  3  4 |
---------------+-------------+-----
Invocations    | 1 |  1.8
Short Blades   | 1 |  1.6
Long Blades    | 1 |  1.6
Axes           | 1 |  1.6
Polearms       | 1 |  1.6
Staves         | 1 |  1.6
Slings         | 1 |  1.6
Bows           | 1 |  1.6
Crossbows      | 1 |  1.6
Dodging        | 1 |  1.6
Stealth        | 1 |  1.6
Shields        | 1 |  1.6
Unarmed Combat | 1 |  1.6
Spellcasting   | 1 |  1.6
Evocations     | 1 |  1.6
Conjurations   | 1 |  1.3
Hexes          | 1 |  1.3
Summonings     | 1 |  1.3
Necromancy     | 1 |  1.3
Translocations | 1 |  1.3
Transmutations | 1 |  1.3
Fire Magic     | 1 |  1.3
Ice Magic      | 1 |  1.3
Air Magic      | 1 |  1.3
Earth Magic    | 1 |  1.3
Poison Magic   | 1 |  1.3
Maces & Flails | 3 |  3.0
Fighting       | |  6.7
Throwing       | |  8.7
Armour         | |  4.8

Action                   |  1- 3 |  4- 6 || total
-------------------------+-------+-------++-------
Melee: Dagger            |   149 |    87 ||   236
       Bite              |    22 |     3 ||    25
       Punch             |     4 |     4 ||     8
Invok: Heroism           |       |     1 ||     1
  Use: Potion            |       |     1 ||     1
Armor: Robe              |    34 |     3 ||    37
       Leather armour    |       |    16 ||    16
Dodge: Dodged            |    93 |    66 ||   159

Table legend: (Time is in decaauts)
 A = Elapsed time spent in this place.
 B = Non-inter-level travel time spent in this place.
 C = Inter-level travel time spent in this place.
 D = Time resting spent in this place.
 E = Time spent auto-exploring this place.
 F = Levels seen in this place.
 G = Mean time per level.
                   A        B        C        D        E       F      G
               +--------+--------+--------+--------+--------+-----+--------+
         Total |   3527 |   3430 |     97 |    370 |   2542 |   4 |  881.8 |
       Dungeon |   3527 |   3430 |     97 |    370 |   2542 |   4 |  881.8 |
               +--------+--------+--------+--------+--------+-----+--------+

Top non-repeatable levels by time:
     D:2: 1386 daAuts
     D:1: 1172 daAuts
     D:3: 781 daAuts
     D:4: 187 daAuts
